 Dungeon Crawl Stone Soup version 0.29-a0-221-gceb61267dd (webtiles) character file.

Game seed: 16424763750010371210

2 Aksej the Skirmisher (level 1, -1/18 HPs)
             Began as a Demonspawn Monk on Feb 26, 2022.
             Slain by a ball python (2 damage)
             ... on level 1 of the Dungeon.
             The game lasted 00:00:25 (92 turns).

Aksej the Skirmisher (Demonspawn Monk)                Turns: 92, Time: 00:00:25

Health: -1/18      AC:  2    Str: 11    XL:     1   Next: 33%
Magic:  1/1        EV: 10    Int: 11    God:
Gold:   0          SH:  0    Dex: 15    Spells: 0/0 levels left

rFire   . . .      SeeInvis .   a - +0 mace
rCold   . . .      Faith    .   (no shield)
rNeg    . . .      Spirit   .   b - +0 robe
rPois   .          Reflect  .   (no helmet)
rElec   .          Harm     .   (no cloak)
rCorr   .          Rampage  .   (no gloves)
Will    .....                   (no boots)
Stlth   ++........              (no amulet)
HPRegen 0.06/turn               (no ring)
MPRegen 0.07/turn               (no ring)

@: constricted
A: no striking features
a: no special abilities


You were on level 1 of the Dungeon.
You visited 1 branch of the dungeon, and saw 1 of its levels.

Inventory:

Hand Weapons
 a - a +0 mace (weapon)
Armour
 b - a +0 robe (worn)
Potions
 c - 2 potions of cancellation {unknown}


   Skills:
 * Level 3.0 Fighting
 + Level 2.7 Maces & Flails
 + Level 2.8 Dodging
 + Level 1.7 Stealth


You couldn't memorise any spells.
You didn't know any spells.
Your spell library was empty.

Dungeon Overview and Level Annotations

Branches:
Dungeon (1/15)

Altars:


Message History

The frilled lizard bites you. The quokka bites you.
Your unstable footing causes you to fumble your attack.
The frilled lizard closely misses you. The quokka closely misses you.
You hit the quokka.
You kill the quokka!
The ball python bites you. The ball python closely misses you.
The frilled lizard barely misses you.
The ball python bites you but does no damage.
The ball python closely misses you. The frilled lizard barely misses you.
The ball python bites you. The ball python closely misses you.
The frilled lizard closely misses you. The ball python bites you.
The ball python completely misses you. The ball python closely misses you.
The ball python misses you.
A goblin comes into view. It is wielding a +0 club.
The goblin shouts!
The ball python bites you but does no damage.
The ball python barely misses you. The goblin closely misses you.
The dart slug briefly extends its eye-stalks.
The goblin barely misses you. The ball python bites you.
The ball python barely misses you.
Found a robe.
You hit the ball python.
The ball python is heavily wounded.
The ball python bites you.
* * * LOW HITPOINT WARNING * * *
The ball python barely misses you. The ball python bites you.
* * * LOW HITPOINT WARNING * * *
The ball python grabs you. The ball python constricts you.
* * * LOW HITPOINT WARNING * * *
You hit the ball python but do no damage.
The ball python is heavily wounded.
The ball python bites you.
* * * LOW HITPOINT WARNING * * *
The ball python constricts you.
* * * LOW HITPOINT WARNING * * *
You barely miss the ball python.
The ball python is heavily wounded.
The ball python bites you.
You die...

##...≈≈≈+ #...
#....≈≈≈+ ##'#
#....≈≈≈#+# #≈≈≈
#....≈≈≈≈≈≈≈≈≈≈≈
##...≈≈≈≈≈≈≈≈≈≈≈
#...≈≈≈≈≈≈≈≈≈≈≈
##.............
#######.............
#..@Sglr.....#.
......#####........
..... ..#####.. ....
### .# ... [. .


You could see a goblin, a ball python, a frilled lizard and a rat.

Vanquished Creatures
  A goblin (D:1)
  A quokka (D:1)
2 creatures vanquished.

Notes
Turn   | Place    | Note
-------+----------+-------------------------------------------
     0 | D:1      | Aksej the Demonspawn Monk began the quest for the Orb.
     0 | D:1      | Reached XP level 1. HP: 18/18 MP: 1/1
    92 | D:1      | Slain by a ball python

Illustrated notes

Levels and vault maps discovered:
D:1:      dpeg_arrival_castle, layout_rooms, serial_shops,
          nicolae_shop_bloodbath_and_beyond

Action                   || total
-------------------------++-------
Melee: Mace              ||     8
       Punch             ||     1
Armor: Robe              ||     3
Dodge: Dodged            ||    21

Table legend: (Time is in decaauts)
 A = Elapsed time spent in this place.
 B = Non-inter-level travel time spent in this place.
 C = Inter-level travel time spent in this place.
 D = Time resting spent in this place.
 E = Time spent auto-exploring this place.
 F = Levels seen in this place.
 G = Mean time per level.
                   A        B        C        D        E       F      G
               +--------+--------+--------+--------+--------+-----+--------+
         Total |     96 |     96 |      0 |      0 |     55 |   1 |   96.0 |
       Dungeon |     96 |     96 |      0 |      0 |     55 |   1 |   96.0 |
               +--------+--------+--------+--------+--------+-----+--------+

Top non-repeatable levels by time:
     D:1: 96 daAuts
